 Dungeon Crawl Stone Soup version 0.21.1-1-g345015fe64 (webtiles) character file.

150 Htamos the Gusty (level 5, -3/28 HPs)
             Began as a Tengu Air Elementalist on July 10, 2018.
             Slain by Grinder (4 damage)
             ... on level 3 of the Dungeon.
             The game lasted 00:07:33 (2839 turns).

Htamos the Gusty (Tengu Air Elementalist)           Turns: 2839, Time: 00:07:34

Health: -3/28      AC:  2    Str:  9    XL:     5   Next: 32%
Magic:  2/10       EV: 12    Int: 16    God:
Gold:   110        SH:  0    Dex: 14    Spells: 9/10 levels left

rFire    . . .     SeeInvis .   (no weapon)
rCold    . . .     Gourm    .   (no shield)
rNeg     . . .     Faith    .   a - +0 robe
rPois    .         Spirit   .   (helmet restricted)
rElec    .         Reflect  .   (no cloak)
rCorr    .         Harm     .   (no gloves)
MR       .....                  (boots unavailable)
Stlth    ++........             (no amulet)
HPRegen  0.09/turn              (no ring)
MPRegen  0.12/turn              (no ring)

@: very slightly contaminated
A: beak, talons 3, able to fly 1
a: Fly


You were on level 3 of the Dungeon.
You were not hungry.

You visited 1 branch of the dungeon, and saw 3 of its levels.

You collected 110 gold pieces.

Inventory:

Armour
 a - a +0 robe (worn)
Jewellery
 l - an uncursed amulet of magic regeneration {unknown}
 o - an uncursed amulet of guardian spirit {unknown}
Scrolls
 d - a scroll of fear {unknown}
 i - a scroll of enchant weapon {unknown}
 k - a scroll of noise {unknown}
 n - a scroll of random uselessness {unknown}
 p - a scroll of identify {unknown}
 q - a scroll of teleportation {unknown}
Potions
 e - a potion of brilliance {unknown}
 f - a potion of degeneration {unknown}
 g - a potion of might {unknown}
 h - a potion of resistance {unknown}
 j - a potion of heal wounds {unknown}
 m - a potion of mutation {unknown}
Books
 b - a book of Air

   Spells                             Type                      Level
   a - Shock                          Conjuration/Air              1
   b - Swiftness                      Charms/Air                   2
   c - Static Discharge               Conjuration/Air              3
   d - Airstrike                      Air                          4
   e - Lightning Bolt                 Conjuration/Air              5
Comestibles
 c - 3 rations


   Skills:
 - Level 2.1 Dodging
 - Level 2.0 Stealth
 + Level 3.1 Spellcasting
 - Level 1.3 Conjurations
 * Level 6.8 Air Magic


You had 9 spell levels left.
You knew the following spells:

 Your Spells              Type           Power        Failure   Level  Hunger
a - Shock                 Conj/Air       ###.         3%          1    None


Dungeon Overview and Level Annotations

Branches:
Dungeon (3/15)

Altars:
Elyvilon

Annotations:
D:3 Grinder


Innate Abilities, Weirdness & Mutations

You have a beak for a mouth.
You have claws for feet.
You can fly.


Message History

Grinder misses you.
Casting: Shock
Confirm with . or Enter, or press ? or * to list all spells.
Aiming: Shock
Press: ? - help, Shift-Dir - straight line, f/p - Grinder
Aim: Grinder (heavily wounded)
The zap hits Grinder.
Grinder is heavily wounded.
The bat barely misses you. Grinder barely misses you.
Casting: Shock
Confirm with . or Enter, or press ? or * to list all spells.
Aiming: Shock
Press: ? - help, Shift-Dir - straight line, f/p - Grinder
Aim: Grinder (heavily wounded)
The zap misses Grinder.
The bat hits you.
* * * LOW HITPOINT WARNING * * *
Grinder hits you.
* * * LOW HITPOINT WARNING * * *
You writhe in agony.
You die...

##### ....# ###.# #
#.# .#
#.############### #.#
#...............##..
###############.#.#.#
#.........#
#.##@.#.###.
#b.5........ ###
#.......##..##.# ...
#..)....# ..... ###
#........ ...#.#
#........ .....#
#......#########
#.#.... #......


You could see Grinder and a bat.

Vanquished Creatures
  A crimson imp (D:2)
  Jessica (D:2)
  3 adders (D:2)
  3 worms (D:2)
  2 dart slugs
  A leopard gecko (D:1)
  7 bats
  A giant cockroach (D:1)
  6 hobgoblins
  3 jackals (D:1)
  4 frilled lizards
  8 goblins
  7 kobolds
  6 rats
53 creatures vanquished.

Notes
Turn   | Place    | Note
-------+----------+-------------------------------------------
     0 | D:1      | Htamos the Tengu Air Elementalist began the quest for the Orb.
     0 | D:1      | Reached XP level 1. HP: 10/10 MP: 4/4
   256 | D:1      | Reached XP level 2. HP: 15/15 MP: 3/6
   494 | D:1      | Reached skill level 5 in Air Magic
   670 | D:1      | Reached XP level 3. HP: 19/19 MP: 4/7
  1120 | D:2      | Found a white marble altar of Elyvilon.
  1122 | D:2      | Noticed Jessica
  1124 | D:2      | Killed Jessica
  1124 | D:2      | Reached skill level 6 in Air Magic
  1124 | D:2      | Reached XP level 4. HP: 24/24 MP: 4/8
  2324 | D:2      | Gained mutation: You can fly. [Tengu growth]
  2324 | D:2      | Reached XP level 5. HP: 27/28 MP: 1/10
  2687 | D:3      | Noticed Grinder
  2826 | D:3      | Paralysed by Grinder for 2 turns
  2831 | D:3      | Paralysed by Grinder for 5 turns
  2839 | D:3      | HP: 1/28 [Grinder (1)]
  2839 | D:3      | Slain by Grinder

Skill      XL: |  1  2  3  4 |
---------------+-------------+-----
Air Magic      | 5 6 |  6.8
Spellcasting   | 3 |  3.1
Dodging        | |  2.1
Stealth        | |  2.0
Conjurations   | |  1.3

Action                   |  1- 3 |  4- 6 || total
-------------------------+-------+-------++-------
Melee: Unarmed           |     5 |    45 ||    50
       Kick              |     2 |     5 ||     7
       Peck              |       |     7 ||     7
 Cast: Shock             |    63 |   110 ||   173
  Eat: Chunk             |     1 |     6 ||     7
Armor: Robe              |     3 |    19 ||    22
Dodge: Dodged            |    12 |    56 ||    68
